details: 'pedo_bear want me to unsummon farms'

« prev index next »

General information

Mini Map

Players

team 1
Random» NightElffukkerr (red | 68 APM | 723 actions | 10:37)
Hero icon 3 Demon Hunter
Ability icon 2 Mana Burn
Ability icon 1 Immolation
Hero icon 1 Warden
Ability icon 1 Fan of Knives

» actions
Assign group hotkey1
Basic commands8
Build / train41
Enter build submenu16
Enter hero's abilities submenu4
Remove unit from queue1
Right click426
Select / deselect175
Select group hotkey10
Use ability41
723 total
» units
Wisp17
Archer8
Dryad1
26 total
» buildings
Altar of Elders1
Moon Well4
Ancient of War1
Tree of Life1
Ancient of Wonders1
Tree of Ages1
Hunter's Hall1
Ancient Protector3
Ancient of Lore3
16 total
» build order
00:06 Altar of Elders
00:22 Moon Well
00:28 Ancient of War
01:40 Moon Well
03:05 Moon Well
04:14 Tree of Life
04:29 Ancient of Wonders
04:57 Tree of Ages
05:37 Hunter's Hall
07:47 Ancient Protector
07:50 Ancient Protector
07:58 Ancient Protector
08:11 Ancient of Lore
08:14 Ancient of Lore
08:17 Ancient of Lore
08:34 Moon Well
» items
Potion of Healing2
2 total
HumanMr.Weinstein (teal | 91 APM | 969 actions | 10:37)
Hero icon 2 Archmage
Ability icon 1 Summon Water Elemental
Ability icon 1 Brilliance Aura

» actions
Assign group hotkey30
Basic commands39
Build / train83
ESC pressed1
Enter build submenu21
Enter hero's abilities submenu2
Give item / drop item1
Right click360
Select / deselect246
Select group hotkey134
Use ability52
969 total
» units
Peasant38
Footman17
55 total
» upgrades
Defend1
Swords1
Plating1
3 total
» buildings
Altar of Kings1
Farm5
Barracks1
Scout Tower12
Arcane Tower1
Arcane Vault1
Town Hall1
Lumber Mill1
Guard Tower1
Blacksmith1
25 total
» build order
00:50 Altar of Kings
00:54 Farm
01:04 Barracks
01:25 Farm
02:03 Scout Tower
02:21 Farm
02:33 Farm
02:37 Arcane Tower
03:12 Arcane Vault
03:56 Farm
04:33 Town Hall
06:25 Scout Tower
06:26 Scout Tower
07:00 Lumber Mill
07:57 Scout Tower
07:58 Scout Tower
08:16 Guard Tower
08:45 Blacksmith
08:53 Scout Tower
08:53 Scout Tower
08:54 Scout Tower
08:54 Scout Tower
08:55 Scout Tower
10:32 Scout Tower
» items
Scroll of Regeneration2
Lesser Clarity Potion3
Boots of Speed4
Staff of Teleportation4
Potion of Healing2
Moonstone1
Orb of Venom4
20 total
Random» NightElfFELLATIO-MASTER (yellow | 2 APM | 22 actions | 10:37)

» actions
Build / train4
Enter build submenu2
Right click5
Select / deselect9
Use ability2
22 total
» units
Wisp4
4 total
» buildings
Moon Well1
Altar of Elders1
2 total
» build order
10:15 Moon Well
10:32 Altar of Elders
Random» NightElfz_InCreDiBear (orange | 33 APM | 348 actions | 10:37)
Hero icon 2 Priestess of the Moon
Ability icon 1 Searing Arrows
Ability icon 1 Trueshot Aura
Hero icon 1 Pit Lord
Ability icon 1 Cleaving Attack

» actions
Assign group hotkey2
Build / train26
Enter build submenu13
Enter hero's abilities submenu3
Give item / drop item1
Right click159
Select / deselect84
Select group hotkey41
Use ability19
348 total
» units
Wisp16
16 total
» buildings
Altar of Elders1
Moon Well6
Ancient of Wonders1
Tree of Ages1
Hunter's Hall1
Tree of Eternity1
Ancient of Wind1
Chimaera Roost3
15 total
» build order
00:15 Altar of Elders
00:20 Moon Well
01:06 Ancient of Wonders
02:03 Tree of Ages
02:20 Moon Well
02:58 Hunter's Hall
03:47 Moon Well
06:09 Tree of Eternity
06:21 Ancient of Wind
07:32 Moon Well
07:39 Moon Well
07:45 Moon Well
08:45 Chimaera Roost
08:50 Chimaera Roost
08:51 Chimaera Roost
» items
Scroll of Regeneration1
Potion of Healing1
Potion of Mana1
3 total
team 2
Random» Undeadsfjknfjs (purple | 101 APM | 1077 actions | 10:37)
Hero icon 4 Death Knight
Ability icon 2 Death Coil
Ability icon 2 Unholy Aura
Hero icon 2 Lich
Ability icon 1 Frost Nova
Ability icon 1 Dark Ritual

» actions
Assign group hotkey27
Basic commands34
Build / train35
Enter build submenu12
Enter hero's abilities submenu6
Right click499
Select / deselect181
Select group hotkey243
Use ability40
1077 total
» units
Acolyte4
Ghoul3
Crypt Fiend8
15 total
» upgrades
Creature Attack1
1 total
» buildings
Graveyard1
Crypt1
Altar of Darkness1
Ziggurat4
Tomb of Relics1
Halls of the Dead3
Black Citadel2
Sacrificial Pit1
Boneyard1
15 total
» build order
00:06 Graveyard
00:09 Crypt
00:40 Altar of Darkness
00:56 Ziggurat
01:23 Ziggurat
01:37 Tomb of Relics
03:31 Halls of the Dead
03:31 Halls of the Dead
04:06 Ziggurat
06:48 Ziggurat
07:25 Black Citadel
07:25 Black Citadel
08:08 Sacrificial Pit
09:47 Boneyard
» items
Rod of Necromancy2
Potion of Healing1
3 total
Random» Orcufico (pink | 40 APM | 430 actions | 10:37)
Hero icon 4 Blademaster
Ability icon 2 Wind Walk
Ability icon 2 Critical Strike

» actions
Build / train32
Enter build submenu12
Enter hero's abilities submenu4
Right click219
Select / deselect140
Use ability23
430 total
» units
Peon10
Grunt3
Wind Rider3
Troll Batrider4
20 total
» upgrades
Pillage1
Ranged Weapons1
Armor1
3 total
» buildings
Altar of Storms1
Orc Burrow4
Barracks1
Voodoo Lounge1
Stronghold1
War Mill1
Great Hall1
Beastiary3
13 total
» build order
00:09 Altar of Storms
00:12 Orc Burrow
01:00 Barracks
01:11 Orc Burrow
01:58 Voodoo Lounge
03:31 Stronghold
04:01 War Mill
04:25 Orc Burrow
05:49 Great Hall
06:02 Beastiary
06:04 Beastiary
06:32 Beastiary
08:55 Orc Burrow
» items
Healing Salve2
Lesser Clarity Potion1
3 total
Random» NightElfTheLeftSock (green | 93 APM | 988 actions | 10:37)
Hero icon 4 Pit Lord
Ability icon 2 Rain of Fire
Ability icon 2 Cleaving Attack

» actions
Assign group hotkey358
Basic commands25
Build / train37
Enter build submenu20
Enter hero's abilities submenu4
Give item / drop item3
Right click227
Select / deselect118
Select group hotkey161
Use ability35
988 total
» units
Wisp17
Chimaera3
20 total
» upgrades
Strength of the Wild3
Reinforced Hides1
Corrosive Breath1
5 total
» buildings
Moon Well8
Altar of Elders1
Tree of Ages3
Hunter's Hall1
Tree of Life1
Tree of Eternity1
Ancient of Wind1
Chimaera Roost3
Ancient of Wonders1
20 total
» build order
00:20 Moon Well
00:35 Altar of Elders
01:00 Moon Well
01:27 Moon Well
02:09 Moon Well
02:54 Tree of Ages
02:54 Tree of Ages
03:40 Moon Well
03:58 Hunter's Hall
04:53 Tree of Life
05:31 Tree of Eternity
05:48 Moon Well
05:55 Ancient of Wind
06:57 Moon Well
07:56 Chimaera Roost
07:58 Chimaera Roost
08:02 Chimaera Roost
09:01 Ancient of Wonders
09:21 Moon Well
» items
Circlet of Nobility3
3 total
Humanbernam (blue | 28 APM | 294 actions | 10:37)
Hero icon 2 Archmage
Ability icon 1 Blizzard
Ability icon 1 Summon Water Elemental
Hero icon 1 Paladin
Ability icon 1 Holy Light

» actions
Basic commands7
Build / train32
Enter build submenu15
Enter hero's abilities submenu3
Right click94
Select / deselect109
Use ability34
294 total
» units
Peasant7
Rifleman1
Footman3
Knight1
12 total
» upgrades
Swords2
Defend1
Lumber Harvesting1
Plating1
Masonry1
Animal War Training1
7 total
» buildings
Altar of Kings1
Farm7
Arcane Vault1
Barracks2
Lumber Mill1
Blacksmith1
Keep1
Castle1
Gryphon Aviary1
16 total
» build order
00:35 Altar of Kings
00:43 Farm
01:29 Arcane Vault
01:54 Farm
02:28 Barracks
02:43 Farm
02:49 Lumber Mill
03:20 Blacksmith
03:35 Barracks
04:13 Keep
06:14 Farm
06:35 Castle
08:02 Gryphon Aviary
08:08 Farm
10:09 Farm
10:15 Farm
» items
Scroll of Regeneration2
Lesser Clarity Potion1
Potion of Healing1
Potion of Mana1
5 total

Chat log

(00:08 / All) TheLeftSock: still hackin huh teal

(08:16 / All) TheLeftSock:

(10:01 / All) FELLATIO-MASTER: back lol
(10:06 / All) FELLATIO-MASTER: what did i miss